 Dungeon Crawl Stone Soup version 0.26.1-11-gd32895ea62 (webtiles) character file.

Game seed: 11216645159598037503

149 Zeld the Chucker (level 5, 0/36 HPs)
             Began as an Octopode Fighter on May 15, 2021.
             Succumbed to kobold's curare-tipped dart
             ... on level 3 of the Dungeon.
             The game lasted 00:02:22 (2633 turns).

Zeld the Chucker (Octopode Fighter)                 Turns: 2633, Time: 00:02:23

Health: 0/36       AC:  1    Str: 16    XL:     5   Next: 31%
Magic:  5/5        EV: 11    Int: 10    God:
Gold:   150        SH:  9    Dex: 12    Spells: 4/4 levels left

rFire    . . .     SeeInvis .     - Unarmed
rCold    . . .     Faith    .   a - +0 kite shield
rNeg     . . .     Spirit   .   (helmet restricted)
rPois    .         Reflect  .   (no amulet)
rElec    .         Harm     .   (no ring)
rCorr    .         Rampage  .   (no ring)
Will     .....                  (no ring)
Stlth    ++........             (no ring)
HPRegen  0.12/turn              (no ring)
MPRegen  0.09/turn              (no ring)
                                (no ring)
                                (no ring)

@: lethally poisoned (0 -> -13)
A: almost no armour, stealthy swim, amphibious, 8 rings, constrict 8, camouflage
1, gelatinous body 1
a: no special abilities


You were on level 3 of the Dungeon.
You visited 1 branch of the dungeon, and saw 3 of its levels.

You collected 150 gold pieces.

Inventory:

Missiles
 d - 2 datura-tipped darts (quivered)
 j - 3 curare-tipped darts
 o - 6 boomerangs
Armour
 a - a +0 kite shield (worn)
Jewellery
 h - an uncursed ring of protection from cold {unknown}
Scrolls
 c - 3 scrolls of identify {unknown}
 e - a scroll of blinking {unknown}
 i - a scroll of fear {unknown}
 k - a scroll of remove curse {unknown}
 l - a scroll of noise {unknown}
 m - 2 scrolls of teleportation {unknown}
 t - a scroll of amnesia {unknown}
Potions
 b - a potion of might
 n - a potion of ambrosia {unknown}
 p - a potion of lignification {unknown}
 q - a potion of curing {unknown}
 r - a potion of heal wounds {unknown}
 s - 2 potions of haste


   Skills:
 - Level 3.2 Fighting
 * Level 4.4 Throwing
 - Level 3.0 Dodging
 - Level 3.2 Shields
 - Level 2.0 Unarmed Combat


You had 4 spell levels left.
You didn't know any spells.
Your spell library was empty.

Dungeon Overview and Level Annotations

Branches:
Dungeon (3/15)

Altars:

Annotations:
D:3 Grinder


Innate Abilities, Weirdness & Mutations

You cannot wear most types of armour.
You are very stealthy in the water. (Stealth+)
You are amphibious.
You can wear up to eight rings at the same time.
You can use your tentacles to constrict eight enemies at once.
Your skin changes colour to match your surroundings (Stealth+).
Your rubbery body absorbs attacks. (AC +1, EV +1)


Message History

You feel protected.
* * * LOW HITPOINT WARNING * * *
You feel sick.
You feel protected.
* * * LOW HITPOINT WARNING * * *
You feel sick.
* * * LOW HITPOINT WARNING * * *
You feel sick.
Grinder comes into view.
You see here a curare-tipped dart.
* * * LOW HITPOINT WARNING * * *
You feel sick. The dart slug launches a dart at you. The slug dart misses you.
You see here a curare-tipped dart.
It was a potion of cancellation.
Your magical effects are unravelling.
You feel magically purged.
You feel yourself speed up.
Your resistance to elements expires.
You die...

#...... #..... 5.... #...
.##. #.. .... #w#
.....#w# # ...#.#(######
.#. ........@....##...
..>.........<.....
..................
########..........
#########.###.##(........
#...<..#.#_#.#.........(.
#....##.###.####..†......
#.....###.###......######
#.)................#


You could see Grinder (wandering) and 2 dart slugs.

Vanquished Creatures
  Jessica (D:2)
  Terence (D:2)
  A worker ant (D:2)
  An adder (D:1)
  An ooze (D:2)
  2 dart slugs
  4 leopard geckos
  A ball python (D:1)
  6 giant cockroaches
  8 goblins
  4 hobgoblins (D:1)
  8 kobolds
  5 bats
  4 frilled lizards
  7 rats
54 creatures vanquished.

Notes
Turn   | Place    | Note
-------+----------+-------------------------------------------
     0 | D:1      | Zeld the Octopode Fighter began the quest for the Orb.
     0 | D:1      | Reached XP level 1. HP: 16/16 MP: 1/1
   262 | D:1      | Reached XP level 2. HP: 21/21 MP: 2/2
   398 | D:1      | Reached skill level 1 in Throwing
   766 | D:1      | Reached XP level 3. HP: 26/26 MP: 3/3
   800 | D:1      | Reached skill level 2 in Throwing
  1383 | D:2      | Reached skill level 3 in Throwing
  1383 | D:2      | Reached XP level 4. HP: 9/31 MP: 4/4
  2190 | D:2      | Noticed Jessica
  2195 | D:2      | Killed Jessica
  2196 | D:2      | Reached skill level 4 in Throwing
  2196 | D:2      | Reached XP level 5. HP: 36/36 MP: 5/5
  2348 | D:2      | Noticed Terence
  2361 | D:2      | Killed Terence
  2609 | D:3      | Found a faded altar of an unknown god.
  2631 | D:3      | Noticed Grinder
  2633 | D:3      | Succumbed to kobold's curare-tipped dart

Illustrated notes

Levels and vault maps discovered:
D:1:      dpeg_arrival_round_c, layout_rooms, minmay_pentomino_v4
D:2:      kennysheep_big_flooded_room, layout_basic,
          minmay_randomly_rotated_circles, uniq_jessica, uniq_terence
D:3:      layout_rooms, chequers_ecumenical_altar_twisty,
          ebering_ghost_disaster_area, guppyfry_early_orc_mine,
          uniq_crazy_yiuf_cottage, uniq_grinder, uniq_ijyb

Skill      XL: |  1  2  3  4 |
---------------+-------------+-----
Throwing       | 1 3 4 |  4.4
Fighting       | |  3.2
Dodging        | |  3.0
Shields        | |  3.2
Unarmed Combat | |  2.0

Action                   |  1- 3 |  4- 6 || total
-------------------------+-------+-------++-------
Melee: Unarmed           |    81 |    47 ||   128
       Constrict         |    25 |    13 ||    38
       Tentacles         |    13 |    13 ||    26
       Punch             |       |     1 ||     1
  Use: Potion            |       |     3 ||     3
 Stab: Sleeping          |     7 |     2 ||     9
Armor: Skin              |     8 |     5 ||    13
Dodge: Dodged            |    44 |    19 ||    63
Block: Kite shield       |    30 |    23 ||    53
